[Event "NJSK 2021 Meisjes C"]
[Site "Almelo, Netherlands"]
[Date "2021.08.01"]
[Round "1.2"]
[White "Maris, Lauri"]
[Black "Jorritsma, Eli Alia"]
[Result "1-0"]
[TimeControl "90min/40moves + 30sec/move"]
[WhiteElo "1669"]
[BlackElo "1050"]

1. e4 c6 2. d4 d5 3. exd5 cxd5 4. c3 Bf5 5. Bf4 e6 6. Bxb8 Rxb8 7. Bb5+ Ke7 8. Nf3 Qb6 9. Qb3 a6 10.
Be2 Qxb3 11. axb3 Nf6 12. O-O g6 13. Nbd2 Bg7 14. Ne5 Rhd8 15. g4 Be4 16. f3 Bh6 17. fxe4 Bxd2 18. exd5 Nxd5 19.
Rxf7+ Kd6 20. Nc4+ Kc6 21. Nxd2 h5 22. Nc4 hxg4 23. Bxg4 Nc7 24. Raf1 b5 25. Bf3+ Nd5 26. Bxd5+ Kxd5 27.
Ne5 Rbc8 28. Rd7+ Rxd7 29. Nxd7 Kd6 30. Ne5 Rc7 31. Rf7 Rxf7 32. Nxf7+ Kd5 33. Ng5 a5 34. Kf2 e5 35. Ke3 exd4+ 36. cxd4 Kd6 37. Ke4 b4 38. Nf7+ Ke6 39. Ne5 g5 40. Nc6 Kd6 41. Nxa5 Kd7 42. Ke5 Ke7 43. d5 Kd7 44. d6 Ke8 45.
Ke6 Kd8 46. d7 g4 47. Kd6 g3 48. Nc6# Ke8 1-0